 Dungeon Crawl Stone Soup version 0.27.1 (webtiles) character file.

Game seed: 3066708860619992333

7019 Sabo the Cleaver (level 10, -3/77 HPs)
             Began as a Demonspawn Fighter on Aug 22, 2021.
             Was an Elder of Trog.
             Slain by an ice devil (20 damage)
             ... on level 9 of the Dungeon on Aug 24, 2021.
             The game lasted 00:54:10 (10794 turns).

Sabo the Cleaver (Demonspawn Fighter)              Turns: 10794, Time: 00:54:13

Health: -3/77      AC: 29    Str: 20    XL:     10   Next: 82%
Magic:  3/3        EV:  8    Int:  9    God:    Trog [****..]
Gold:   207        SH: 15    Dex: 13    Spells: 9/9 levels left

rFire    . . .     SeeInvis .   G - +4 hand axe (antimagic)
rCold    . . .     Faith    .   c - +0 kite shield
rNeg     . . .     Spirit   .   a - +4 chain mail {rPois}
rPois    +         Reflect  .   u - +2 helmet
rElec    .         Harm     .   w - +1 cloak
rCorr    +         Rampage  .   h - +0 pair of gloves
Will     .....                  (no boots)
Stlth    ..........             H - amulet of the acrobat
HPRegen  0.22/turn              x - ring of resist corrosion
MPRegen  0.08/turn              t - ring of flight

@: on berserk cooldown, flying, slowed, very slow
A: claws 1, icemail 2, sturdy frame 1, condensation shield, passive freeze,
poison resistance
a: Renounce Religion, Berserk, Trog's Hand, Brothers in Arms


You were on level 9 of the Dungeon.
You worshipped Trog.
Trog was greatly pleased with you.
You visited 1 branch of the dungeon, and saw 9 of its levels.

You collected 442 gold pieces.
You spent 235 gold pieces at shops.

Inventory:

Hand Weapons
 j - a +0 hand crossbow
 C - a +0 shortbow
 G - a +4 antimagic hand axe (weapon)
Missiles
 b - 23 poisoned darts (quivered)
 e - 221 bolts
 f - 194 arrows
 y - 19 boomerangs
 D - 36 sling bullets
 F - a throwing net
Armour
 a - a +4 chain mail of poison resistance (worn)
 c - a +0 kite shield (worn)
 h - a +0 pair of gloves (worn)
 u - a +2 helmet (worn)
 w - a +1 cloak (worn)
 L - a scarf of shadows
Jewellery
 t - a ring of flight (right hand)
 x - a ring of resist corrosion (left hand)
 H - an amulet of the acrobat (around neck)
Wands
 A - a wand of polymorph (3)
 B - a wand of paralysis (5)
 I - a wand of flame (42)
Scrolls
 l - 4 scrolls of teleportation
 r - a scroll of magic mapping
 z - 2 scrolls of fear
 J - a scroll of blinking {unknown}
 K - a scroll of vulnerability {unknown}
Potions
 d - 2 potions of might
 g - a potion of heal wounds {unknown}
 i - 3 potions of haste
 k - a potion of resistance {unknown}
 m - a potion of flight {unknown}
 n - 2 potions of mutation
 o - 9 potions of curing
 p - a potion of lignification {unknown}
 s - 2 potions of cancellation
 v - a potion of invisibility {unknown}
 E - a potion of attraction {unknown}


   Skills:
 + Level 6.3 Fighting
 + Level 9.2 Axes
 + Level 6.9 Armour
 + Level 3.0 Dodging
 + Level 0.6 Stealth
 + Level 9.2 Shields
 + Level 0.2 Unarmed Combat


You had 9 spell levels left.
You didn't know any spells.
Your spell library was empty.

Dungeon Overview and Level Annotations

Branches:
Dungeon (9/15)             Temple (0/1) D:4             Orc (0/2) D:9
   Lair: D:8-11

Altars:
Dithmenos
Elyvilon
Fedhas
Hepliaklqana
Makhleb
Nemelex Xobeh
Okawaru
Qazlal
Ru
Trog
Wu Jian
Yredelemnul

Shops:
D:6 [


Innate Abilities, Weirdness & Mutations

You have sharp fingernails.
A meltable icy envelope protects you from harm. (AC +8)
Your movements are slightly less encumbered by armour. (ER -2)
A meltable shield of frost defends you. (SH +4)
A frigid envelope surrounds you and freezes all who hurt you.
Your system is resistant to poisons. (rPois)


Message History

The ice devil is heavily wounded.
You slash the ice devil! You closely miss the ice devil.
The ice devil is heavily wounded.
You completely miss the ice devil. You block the ice devil's attack. x2
You slash the ice devil!
The ice devil is almost dead.
You completely miss the ice devil. The ice devil hits you.
The ice devil freezes you!! You block the ice devil's attack.
You closely miss the ice devil.
The ice devil is almost dead.
You slash the ice devil! You barely miss the ice devil.
The ice devil is almost dead.
You hit the ice devil. The ice devil hits you. The ice devil freezes you!
* * * LOW HITPOINT WARNING * * *
The ice devil completely resists.
You block the ice devil's attack.
You barely miss the ice devil.
The ice devil is almost dead.
You barely miss the ice devil. You block the ice devil's attack.
You slash the ice devil!
You kill the ice devil!
Trog accepts your kill.
You hit the ice devil but do no damage.
The ice devil hits you but does no damage.
The ice devil completely resists.
Your Dodging skill increases to level 3!
You closely miss the ice devil.
The ice devil is severely wounded.
You block the ice devil's attack.
You slash the ice devil!
The ice devil is almost dead.
You hit the ice devil.
The ice devil is almost dead.
You are no longer berserk.
You are exhausted.
You feel yourself slow down. The ice devil hits you.
* * * LOW HITPOINT WARNING * * *
The ice devil freezes you!!
You die...

..#### .......#...............
..# #≈≈#..#.###............ ..#
#≈..'.# #............. ..###
#≈..')###............. ....#
#≈#..'...............>. ....#
#≈.4.'..........##### ..###
#≈≈#...#..........# ..#
.......#.4........# ..#
.......#@.....<...# ..#
.###..##.......)..####### ..#####
#..#.................. ......# ..
#.................. ......#
#..).............## ###...#
#.#############..# #...# #.# #..#
###...# ##.# #..##
......########..#############....


You could see an ice devil.

Vanquished Creatures
  4 two-headed ogres
  4 centaur zombies
  Psyche (D:9)
  An unseen horror (D:9)
  An ice devil (D:9)
  A troll (D:9)
  Prince Ribbit (D:8)
  A steam dragon (D:8)
  A water moccasin (D:8)
  An acid dragon (D:8)
  2 sky beasts
  An orc warrior (D:7)
  4 ice beasts
  A hornet zombie (D:7)
  A black bear (D:5)
  3 centaurs
  A kobold brigand (D:7)
  2 bullfrogs
  A gnoll sergeant (D:9)
  2 scorpions
  A wyvern zombie (D:8)
  3 howler monkeys
  A bullfrog zombie (D:7)
  6 hounds
  2 orc priests (D:5)
  A bullfrog skeleton (D:5)
  3 jellies
  Terence (D:2)
  3 iguanas
  5 orc wizards
  2 hound skeletons (D:4)
  Robin (D:2)
  A howler monkey skeleton (D:5)
  4 adders (D:2)
  15 gnolls
  A white imp (D:6)
  2 ufetubi
  An adder skeleton (D:4)
  6 dart slugs
  11 orcs
  11 endoplasms
  5 giant cockroaches
  9 hobgoblins
  4 jackals (D:1)
  11 kobolds
  4 quokkas
  9 ball pythons
  7 bats
  7 frilled lizards
  17 goblins
  2 rats (D:1)
190 creatures vanquished.

Vanquished Creatures (others)
  An orc (D:8)
1 creature vanquished.

Grand Total: 191 creatures vanquished

Notes
Turn   | Place    | Note
-------+----------+-------------------------------------------
     0 | D:1      | Sabo the Demonspawn Fighter began the quest for the Orb.
     0 | D:1      | Reached XP level 1. HP: 18/18 MP: 1/1
   285 | D:1      | Gained mutation: A meltable shield of frost defends you.
                  | (SH +4) [demonic ancestry]
   285 | D:1      | Reached XP level 2. HP: 24/24 MP: 2/2
   653 | D:1      | Noticed a floating eye
   657 | D:1      | Noticed a golden eye
   769 | D:1      | Found a faded altar of an unknown god.
   771 | D:1      | Noticed an eye of devastation
   772 | D:1      | Noticed a floating eye
   777 | D:1      | Became a worshipper of Trog the Wrathful
   777 | D:1      | Reached * piety under Trog
   791 | D:1      | Gained mutation: Your movements are slightly less
                  | encumbered by armour. (ER -2) [demonic ancestry]
   791 | D:1      | Reached XP level 3. HP: 29/29 MP: 3/3
  1760 | D:2      | Noticed Terence
  1776 | D:2      | Killed Terence
  1777 | D:2      | Reached XP level 4. HP: 35/35 MP: 4/4
  2161 | D:2      | Noticed Robin
  2174 | D:2      | Reached ** piety under Trog
  2175 | D:2      | Killed Robin
  2176 | D:2      | Gained mutation: A meltable icy envelope protects you from
                  | harm. (AC +8) [demonic ancestry]
  2176 | D:2      | Reached XP level 5. HP: 28/41 MP: 5/5
  3157 | D:3      | Found a blossoming altar of Fedhas.
  3459 | D:4      | Found a staircase to the Ecumenical Temple.
  3535 | D:4      | Gained mutation: You have sharp fingernails. [demonic
                  | ancestry]
  3535 | D:4      | Reached XP level 6. HP: 47/47 MP: 6/6
  3629 | D:4      | Reached *** piety under Trog
  3659 | D:4      | HP: 1/47 [something/magic dart (3)]
  4376 | D:4      | Found a basalt altar of Yredelemnul.
  4385 | D:4      | Found a bloodstained altar of Trog.
  4386 | D:4      | Found a hazy altar of Hepliaklqana.
  4387 | D:4      | Found a stormy altar of Qazlal.
  4387 | D:4      | Found a sparkling altar of Nemelex Xobeh.
  4387 | D:4      | Found a burning altar of Makhleb.
  4389 | D:4      | Found an ornate altar of the Wu Jian Council.
  4390 | D:4      | Found an iron altar of Okawaru.
  4481 | D:5      | Entered Level 5 of the Dungeon
  4570 | D:5      | Reached XP level 7. HP: 36/53 MP: 7/7
  4574 | D:5      | Reached skill level 1 in Dodging
  4739 | D:5      | Reached skill level 5 in Axes
  4739 | D:5      | Reached skill level 5 in Shields
  4988 | D:5      | Gained mutation: A meltable icy envelope protects you from
                  | harm. (AC +8) [demonic ancestry]
  4988 | D:5      | Reached XP level 8. HP: 61/61 MP: 8/8
  6141 | D:6      | Found Kofioman's Armour Emporium.
  7103 | D:6      | Bought a +3 chain mail of poison resistance for 235 gold
                  | pieces
  7451 | D:7      | Reached skill level 5 in Armour
  7451 | D:7      | Reached XP level 9. HP: 66/66 MP: 3/9
  7454 | D:7      | Reached **** piety under Trog
  7992 | D:7      | Gained mutation: Your system is resistant to poisons.
                  | (rPois) [potion of mutation]
  7992 | D:7      | Gained mutation: A frigid envelope surrounds you and
                  | freezes all who hurt you. [potion of mutation]
  8010 | D:8      | Noticed Prince Ribbit
  8105 | D:8      | Reached skill level 5 in Fighting
  8545 | D:8      | Found a sacrificial altar of Ru.
  8814 | D:8      | Noticed a two-headed ogre
  8823 | D:8      | Killed a two-headed ogre
  9000 | D:8      | Killed Prince Ribbit
  9224 | D:9      | Noticed a two-headed ogre
  9231 | D:9      | Killed a two-headed ogre
  9232 | D:9      | Reached XP level 10. HP: 42/75 MP: 3/10
  9421 | D:9      | Noticed a two-headed ogre
  9434 | D:9      | Killed a two-headed ogre
  9803 | D:9      | Noticed Psyche
  9818 | D:9      | Killed Psyche
 10075 | D:9      | Noticed a two-headed ogre
 10083 | D:9      | Killed a two-headed ogre
 10456 | D:9      | Found a shadowy altar of Dithmenos.
 10521 | D:9      | Found a staircase to the Orcish Mines.
 10794 | D:9      | Slain by an ice devil

Illustrated notes

Levels and vault maps discovered:
D:1:      lightli_arrival_lavapool, layout_loops_corners,
          hellmonk_ecumenical_altar_watching_god
D:2:      cheibrodos_helix_gallery, layout_basic, minmay_misc_feat_cross,
          kennysheep_path_1, st_stairs_2, hangedman_decor_opposing,
          minmay_octomino_c4, uniq_terence, uniq_robin
D:3:      layout_rooms, gammafunk_temple_overflow_pools, st_stairs_6,
          minivault_26
D:4:      layout_cave_pools, minitemple, temple_pool_b
D:5:      layout_rooms, serial_co_window_serial, co_window_paths_b,
          co_window_corner_a, co_window_paths_a, co_window_of_opportunity_a,
          co_window_of_opportunity_a, co_window_broadway_a, co_window_corner_cb,
          co_window_broadway_c, co_window_of_opportunity_b,
          co_window_broadway_c, co_window_broadway_c, glass_columns_c
D:6:      layout_loops_ring, serial_shops, shop
D:7:      layout_cave_pools
D:8:      layout_gridville, nicolae_ru_sacrificial_ziggurat, uniq_prince_ribbit1
D:9:      layout_long_grid, nicolae_dithmenos_through_a_glass_darkly,
          minmay_orc_entry_temple_small, minmay_holes,
          hellmonk_guarded_unrand_frostbite, uniq_maurice, uniq_psyche

Skill      XL: |  1  2  3  4  5  6  7  8  9 10 |
---------------+-------------------------------+-----
Shields        | 3 4 5 6 8 9 |  9.2
Axes           | 2 3 4 5 7 8 9 |  9.2
Armour         | 3 4 5 6 |  6.9
Dodging        | 1 2 3 |  3.0
Fighting       | 4 5 6 |  6.3
Stealth        | |  0.6
Unarmed Combat | |  0.2

Action                   |  1- 3 |  4- 6 |  7- 9 | 10-12 || total
-------------------------+-------+-------+-------+-------++-------
Melee: War axe           |   114 |   231 |    77 |       ||   422
       Hand axe          |       |       |   263 |    96 ||   359
       Unarmed           |       |       |       |    10 ||    10
Invok: Berserk           |     1 |     2 |     3 |     1 ||     7
  Use: Scroll            |       |     2 |    12 |       ||    14
       Potion            |       |       |     3 |       ||     3
Armor: Scale mail        |    45 |       |       |       ||    45
       Plate armour      |    24 |   240 |   108 |       ||   372
       Chain mail        |       |       |   128 |    41 ||   169
       Skin              |       |       |       |     3 ||     3
Dodge: Dodged            |    32 |    61 |    89 |    28 ||   210
Block: Kite shield       |   106 |   233 |   308 |    85 ||   732
       Other             |       |       |       |     1 ||     1
